 Dungeon Crawl Stone Soup version 0.29.1-13-g9f3cf754e1 (webtiles) character file.

Game seed: 17901546539212174625

30 cdecastro the Scratcher (level 3, -9/15 HPs)
             Began as a Felid Transmuter on Jan 29, 2023.
             Mangled by an iguana (13 damage)
             ... on level 4 of the Dungeon.
             The game lasted 00:02:25 (1477 turns).

cdecastro the Scratcher (Felid Transmuter)          Turns: 1477, Time: 00:02:25

Health: -9/15      AC:  1    Str: 12    XL:     3   Next: 3%
Magic:  7/7        EV: 18    Int: 16    God:
Gold:   36         SH:  0    Dex: 16    Spells: 5/6 levels left
                                        Lives:  0   Deaths: 0

rFire   . . .      SeeInvis +     - Unarmed
rCold   . . .      Faith    .   (shield unavailable)
rNeg    . . .      Spirit   .   (body armour unavailable)
rPois   .          Reflect  .   (helmet unavailable)
rElec   .          Harm     .   (cloak unavailable)
rCorr   .          Rampage  .   (gloves unavailable)
Will    .....                   (boots unavailable)
Stlth   +.........              f - amulet of magic regeneration
HPRegen 0.05/turn               e - +6 ring of strength
MPRegen 0.50/turn               (no ring)

@: appendages, quick
A: horns 2, very small, claws 1, fangs 3, see invisible, speed 1, shaggy fur 1,
stealthy paws, no weapons or thrown items, no armour, multi-lived
a: End Transformation


You were on level 4 of the Dungeon.
You had temporarily grown beastly horns.
You visited 1 branch of the dungeon, and saw 3 of its levels.

You collected 36 gold pieces.

Inventory:

Jewellery
 e - a +6 ring of strength (left paw)
 f - an amulet of magic regeneration (around neck)
Scrolls
 b - a scroll of immolation {unknown}
 c - a scroll of acquirement {unknown}
 g - a scroll of enchant armour {unknown}
 j - a scroll of butterflies {unknown}
Potions
 a - a potion of lignification
 d - a potion of curing {unknown}
 h - a potion of attraction {unknown}
 i - a potion of magic {unknown}


   Skills:
 - Level 1.0 Fighting
 + Level 3.4 Dodging
 * Level 3.8 Unarmed Combat
 - Level 2.0 Spellcasting
 - Level 2.1 Transmutations


You had 5 spell levels left.
You knew the following spells:

 Your Spells              Type           Power      Damage    Failure   Level
a - Beastly Appendage     Tmut           16%        N/A       9%          1

Your spell library contained the following spells:

 Spells                   Type           Power      Damage    Failure   Level
 Wereblood                Tmut           8%         N/A       13%         2
 Foxfire                  Conj/Fire      4%         2x1d4     21%         1
 Spider Form              Tmut/Pois      5%         N/A       36%         3
 Ignite Poison            Fire/Tmut/Pois 3%         N/A       43%         3
 Conjure Flame            Conj/Fire      1%         6-21      52%         3
 Inner Flame              Hex/Fire       1%         N/A       52%         3
 Mephitic Cloud           Conj/Pois/Air  1%         N/A       52%         3
 Ice Form                 Ice/Tmut       5%         N/A       78%         4
 Flame Wave               Conj/Fire      1%         2d4       90%         4
 Freezing Cloud           Conj/Ice/Air   0%         6-21      99%         5


Dungeon Overview and Level Annotations

Branches:
Dungeon (2/15)

Altars:


Innate Abilities, Weirdness & Mutations

You have temporarily grown beastly horns.
You have sharp claws.
You have razor-sharp teeth.
You have supernaturally acute eyesight. (SInv)
You cover ground quickly. (Speed+)
You are covered in fur. (AC +1)
Your paws help you pounce on unaware monsters.
You are incapable of wielding weapons or throwing items.
You cannot wear armour.
You gain extra lives every three experience levels.


Message History

Found a sling.
You closely miss the kobold. The kobold misses you.
You closely miss the kobold. The kobold barely misses you.
You closely miss the kobold. Your headbutt misses the kobold.
Your bite misses the kobold. The kobold barely misses you.
You scratch the kobold but do no damage.
You headbutt the kobold.
You kill the kobold!
Your transformation is almost over.
Things that are here:
a +0 dagger; a stone
Things that are here:
a +0 dagger; a stone
Found 3 curare-tipped darts.
You see here a +0 sling.
Your horns disappear.
You see here 3 curare-tipped darts.
You see here a +0 sling.
Found a scroll labelled JUSHANONIU.
An iguana comes into view.
Casting: Beastly Appendage (safe; 9% risk of failure)
Press: ? - help, Q - select action Dir - look around, f - activate You grow a pair of large bovine horns.
The iguana barely misses you.
Unknown command.
You scratch the iguana but do no damage.
Your headbutt misses the iguana. The iguana closely misses you.
You scratch the iguana. You bite the iguana.
The iguana is moderately wounded.
The iguana bites you but does no damage.
You scratch the iguana.
The iguana is moderately wounded.
The iguana bites you!
Ouch! That really hurt!
* * * LOW HITPOINT WARNING * * *
You scratch the iguana. You headbutt the iguana.
The iguana is severely wounded.
The iguana bites you!
Ouch! That really hurt!
You die...

###.###.#.######
#...............
###.#.###.#.#####.
#......##.#.# #.
#.#.#..##.#.. ....
#.##8#.#8########.
# #.####+## #.
####.#..# #.
#....l@.# ..
#?##.#.## #....
#.#.## . #.#.# #
#.. ###


You could see an iguana.

Vanquished Creatures
  A worm (D:2)
  2 dart slugs
  An endoplasm (D:1)
  2 giant cockroaches
  A goblin (D:1)
  A hobgoblin (D:2)
  3 jackals (D:4)
  A quokka (D:1)
  2 ball pythons (D:1)
  4 frilled lizards (D:1)
  2 kobolds
  3 rats (D:1)
23 creatures vanquished.

Notes
Turn   | Place    | Note
-------+----------+-------------------------------------------
     0 | D:1      | cdecastro the Felid Transmuter began the quest for the Orb.
     0 | D:1      | Reached XP level 1. HP: 9/9 MP: 4/4
   533 | D:1      | Reached XP level 2. HP: 12/12 MP: 6/6
   616 | D:1      | Found a faded altar of an unknown god.
  1205 | D:2      | You fall into a shaft and drop 2 floors!
  1375 | D:4      | Reached XP level 3. HP: 12/15 MP: 7/7
  1477 | D:4      | Mangled by an iguana

Illustrated notes

Levels and vault maps discovered:
D:1:      tarquinn_simple_flora_water_f, layout_rooms,
          hellmonk_ecumenical_altar_zigzags
D:2:      layout_loops_corners, minmay_misc_feat_rows, kennysheep_path_1,
          grunt_decor_mini_mirrors
D:4:      layout_basic, lemuel_mausoleum_altar_kikubaaqudgha,
          mainiacjoe_overflow_paths, minmay_temple_entry_statues_fountains,
          portal_sewer_entry_e, grunt_decor_junction

Skill      XL: |  1 |
---------------+----+-----
Dodging        | 3 |  3.4
Fighting       | |  1.0
Unarmed Combat | |  3.8
Spellcasting   | |  2.0
Transmutations | |  2.1

Action                   || total
-------------------------++-------
Melee: Unarmed           ||    61
       Headbutt          ||     8
       Bite              ||     7
       Punch             ||     1
 Cast: Beastly Appendage ||    15
 Stab: Sleeping          ||     1
Armor: Skin              ||     2
Dodge: Dodged            ||    49
